 Dungeon Crawl Stone Soup version 0.23.2-1-ga50397a (webtiles) character file.

Game seed: 13748090864521507278

613 Gazerockf the Nimble (level 7, -2/33 HPs)
             Began as a Spriggan Assassin on June 1, 2019.
             Was a Follower of Dithmenos.
             Slain by a scorpion (6 damage)
             ... on level 4 of the Dungeon.
             The game lasted 00:12:16 (4431 turns).

Gazerockf the Nimble (Spriggan Assassin)            Turns: 4431, Time: 00:12:16

Health: -2/33      AC:  3    Str:  8    XL:     7   Next: 20%
Magic:  8/8        EV: 25    Int: 13    God:    Dithmenos [*.....]
Gold:   226        SH:  0    Dex: 18    Spells: 6/6 levels left

rFire    . . .     SeeInvis +   p - +1 short sword (venom)
rCold    . . .     Gourm    .   (shield restricted)
rNeg     . . .     Faith    .   c - +0 robe
rPois    .         Spirit   .   (helmet restricted)
rElec    .         Reflect  .   d - +0 cloak
rCorr    .         Harm     .   (gloves unavailable)
MR       +....                  (boots unavailable)
Stlth    +++++.....             (no amulet)
HPRegen  0.11/turn              (no ring)
MPRegen  0.11/turn              (no ring)

@: wreathed by umbra, very quick
A: very small, unfitting armour, see invisible, herbivore, speed 3, slow
metabolism 2
a: Renounce Religion


You were on level 4 of the Dungeon.
You worshipped Dithmenos.
Dithmenos was aware of your devotion.
You were very hungry.

You visited 2 branches of the dungeon, and saw 5 of its levels.

You collected 226 gold pieces.

Inventory:

Hand Weapons
 a - a +2 dagger
 b - a +0 blowgun
 p - a +1 short sword of venom (weapon)
 r - a +0 whip
Missiles
 e - 8 poisoned needles
 f - 14 tomahawks (quivered)
 u - 4 curare-tipped needles
Armour
 c - a +0 robe (worn)
 d - a +0 cloak (worn)
 q - a cursed +0 ring mail
 s - a +0 robe
 w - a +0 helmet
Scrolls
 i - 3 scrolls of remove curse
 m - 2 scrolls of teleportation
 t - 2 scrolls of identify
Potions
 h - a potion of haste {unknown}
 j - 2 potions of degeneration {unknown}
 k - a potion of brilliance {unknown}
 l - 2 potions of lignification {unknown}
 n - a potion of curing
 o - a potion of cancellation {unknown}
 v - a potion of invisibility {unknown}
Comestibles
 g - 10 rations


   Skills:
 - Level 1.5 Fighting
 - Level 2.1 Short Blades
 - Level 2.0 Throwing
 * Level 9.2 Dodging
 + Level 9.1 Stealth


You had 6 spell levels left.
You didn't know any spells.
Your spell library was empty.

Dungeon Overview and Level Annotations

Branches:
Dungeon (4/15)             Temple (1/1) D:4

Altars:
Ashenzari
Dithmenos
Elyvilon
Fedhas
Gozag
Hepliaklqana
Makhleb
Nemelex Xobeh
Okawaru
Qazlal
Ru
Trog
Uskayaw
Vehumet
Wu Jian
Xom
Yredelemnul
Zin
The Shining One

Shops:
D:4 *


Innate Abilities, Weirdness & Mutations

You are very small and have problems with some larger weapons.
You are too small for most types of armour.
You have supernaturally acute eyesight. (SInv)
You are a herbivore.
You cover ground extremely quickly.
You need to consume almost no food.


Message History

Dithmenos accepts your kill. The orc barely misses you.
You hit the orc.
The orc is poisoned.
The orc is severely wounded.
The orc priest mumbles some strange prayers to Beogh against you.
Beogh smites you! The orc completely misses you.
You hit the orc.
You kill the orc!
Dithmenos accepts your kill. The scorpion completely misses you.
You hit the scorpion.
The scorpion is lightly wounded.
The scorpion misses you.
You closely miss the scorpion. The scorpion barely misses you.
You hit the scorpion but do no damage.
The scorpion is poisoned.
The scorpion stings you!
* * * LOW HITPOINT WARNING * * *
You can't go down here!
The orc completely misses you. The scorpion stings you.
You die...

.....)...# #.#''######
.........##############.#........
........soo.............#........
.....oo#######...########.......#
###..8.8. #...###....#......##
#...so⌠.## #...#......#.....##
#.#8o∩.8...##.>....####....##≈≈
#.#.⌠.⌠ ##...os.#### #...##§§§
#.#8.8.8#....o@..## #..##≈≈§# ##.
#.._..#....#####.##≈≈≈## ##.
#......##.....#.###≈≈≈ #.
...##.###..###....§§##≈≈§#
......# #..# ####[..#≈≈≈#
......##..# ##.§#≈§≈# .........##
#...≈≈≈## #.......####.#.≈≈.#
#.#.....#.....)(....#


You could see a scorpion, an orc priest and an orc.

Vanquished Creatures
  Sigmund (D:2)
  An ogre (D:4)
  Blork the orc (D:4)
  2 orc priests (D:4)
  A centaur skeleton (D:4)
  Jessica (D:2)
  An orc wizard (D:3)
  Robin (D:3)
  4 gnolls
  3 adders
  A dart slug (D:4)
  2 leopard geckos
  10 orcs
  A ball python (D:3)
  6 bats
  6 giant cockroaches
  2 gnoll zombies (D:3)
  11 goblins
  9 hobgoblins
  8 jackals
  9 kobolds
  3 frilled lizards
  7 rats
91 creatures vanquished.

Notes
Turn   | Place    | Note
-------+----------+-------------------------------------------
     0 | D:1      | Gazerockf the Spriggan Assassin began the quest for the
                  | Orb.
     0 | D:1      | Reached XP level 1. HP: 10/10 MP: 2/2
   180 | D:1      | Reached XP level 2. HP: 9/14 MP: 3/3
   563 | D:1      | Reached XP level 3. HP: 4/18 MP: 4/4
  1041 | D:2      | Noticed Sigmund
  1238 | D:2      | Noticed Jessica
  1241 | D:2      | Killed Jessica
  1249 | D:2      | Reached XP level 4. HP: 22/22 MP: 5/5
  1400 | D:2      | Found a burning altar of Makhleb.
  1679 | D:2      | Reached skill level 5 in Dodging
  1706 | D:2      | Found a white marble altar of Elyvilon.
  1708 | D:2      | Found an iron altar of Okawaru.
  2105 | D:3      | Found a faded altar of an unknown god.
  2196 | D:4      | Found a staircase to the Ecumenical Temple.
  2207 | Temple   | Entered the Ecumenical Temple
  2256 | Temple   | Became a worshipper of Dithmenos the Shadowed
  2446 | D:4      | Noticed an ogre
  2458 | D:4      | Killed an ogre
  2458 | D:4      | Reached XP level 5. HP: 25/25 MP: 6/6
  2838 | D:3      | Noticed Robin
  2915 | D:3      | Killed Robin
  3037 | D:3      | Reached XP level 6. HP: 29/30 MP: 7/7
  3161 | D:2      | Killed Sigmund
  3161 | D:2      | Reached * piety under Dithmenos
  3896 | D:3      | Found a basalt altar of Yredelemnul.
  4163 | D:4      | Reached XP level 7. HP: 8/33 MP: 8/8
  4344 | D:4      | Found a bloodstained altar of Trog.
  4393 | D:4      | Noticed Blork the orc
  4399 | D:4      | Found Hecseteg's Assorted Antiques.
  4401 | D:4      | Killed Blork the orc
  4431 | D:4      | Slain by a scorpion

Skill      XL: |  1  2  3  4  5  6  7 |
---------------+----------------------+-----
Dodging        | 2 3 4 6 7 8 9 |  9.2
Stealth        | 6 7 8 9 |  9.1
Fighting       | |  1.5
Short Blades   | |  2.1
Throwing       | |  2.0

Action                   |  1- 3 |  4- 6 |  7- 9 || total
-------------------------+-------+-------+-------++-------
Melee: Dagger            |   115 |    53 |       ||   168
       Short sword       |       |   165 |    14 ||   179
 Fire: Blowgun           |     3 |       |       ||     3
  Use: Scroll            |     4 |     2 |       ||     6
 Stab: Sleeping          |    11 |     9 |     2 ||    22
       Distracted        |     1 |     1 |       ||     2
Armor: Robe              |     8 |    10 |       ||    18
Dodge: Dodged            |    95 |   212 |    11 ||   318
